Map: Frozen Temple

Players

Gracz

  • Race: Protoss Protoss
  • League: Bronze

DrakeBRAH - Winner!

  • Race: Zerg Zerg
  • League: Silver

VOD

Have the link to the VOD?

Description

Time

  • Played on: Aug. 28, 2016, 6:43 p.m.
  • Length: 11:10
Show
View Real Time Build Order
Export as new Build Order

Gracz Protoss 

Build Orders:  

Get SALT Encoding   

  12  0:04  Probe (Chrono Boost)  
  14  0:14  Probe (Chrono Boost)  
  14  0:19  Assimilator  
  14  0:25  Probe (Chrono Boost)  
  15  0:32  Pylon  
  15  0:51  Probe (Chrono Boost)  
  16  0:58  Gateway  
  16  1:01  Probe (Chrono Boost)  
  17  1:05  Assimilator  
  17  1:12  Probe (Chrono Boost)  
  18  1:32  Pylon  
  18  1:40  Pylon  
  18  1:43  Pylon  
  18  1:44  Probe (Chrono Boost)  
  19  1:47  Pylon  
  19  1:54  Probe (Chrono Boost)  
  20  2:05  Probe (Chrono Boost)  
  21  2:08  Cybernetics Core  
  21  2:26  Zealot  
  23  3:25  Nexus  
  23  3:27  Assimilator  
  23  3:29  Assimilator  
  25  3:34  Mothership Core (Chrono Boost)  
  23  3:49  Stargate  
  23  3:53  Stargate  
  23  3:57  Pylon, Warp Gate  
  23  4:21  Stargate  
  24  4:26  Probe (Chrono Boost)  
  24  4:34  Pylon  
  24  4:38  Probe (Chrono Boost)  
  25  4:41  Stargate  
  25  4:50  Probe (Chrono Boost)  
  25  4:51  Pylon  
  26  4:54  Pylon  
  26  4:58  Pylon, Probe (Chrono Boost)  
  27  5:00  Pylon  
  27  5:02  Probe (Chrono Boost)  
  27  5:03  Pylon  
  28  5:09  Probe (Chrono Boost)  
  29  5:17  Probe (Chrono Boost)  
  29  5:20  Probe (Chrono Boost)  
  32  5:29  Probe (Chrono Boost)  
  32  5:30  Probe (Chrono Boost)  
  32  5:31  Stargate  
  33  5:41  Probe (Chrono Boost)  
  34  5:43  Probe (Chrono Boost)  
  35  5:53  Probe (Chrono Boost)  
  35  5:56  Gateway  
  36  5:58  Gateway  
  37  6:04  Probe (Chrono Boost)  
  37  6:30  Nexus  
  37  6:36  Assimilator  
  37  6:37  Assimilator  
  37  6:47  Stargate  
  37  6:54  Pylon  
  37  6:56  Pylon  
  28  7:03  Void Ray  
Show
View Real Time Build Order
Export as new Build Order

DrakeBRAH Zerg - Winner!

Build Orders: Pool First 

Get SALT Encoding   

  12  0:01  Drone  
  13  0:13  Overlord  
  13  0:18  Drone  
  14  0:36  Spawning Pool  
  14  0:39  Drone  
  14  1:05  Hatchery  
  14  1:08  Drone  
  14  1:22  Queen  
  14  1:24  Drone  
  17  1:32  Extractor, Drone  
  17  1:34  Drone  
  18  1:51  Drone x2  
  20  2:05  Drone  
  20  2:06  Extractor  
  20  2:17  Queen  
  20  2:21  Drone  
  23  2:24  Drone x2  
  25  2:35  Drone  
  25  2:36  Baneling Nest  
  25  2:40  Zergling x2  
  25  2:42  Zergling x4  
  28  2:46  Overlord  
  28  2:57  Overlord  
  28  3:01  Overlord  
  28  3:08  Drone x2  
  30  3:19  Evolution Chamber  
  29  3:20  Metabolic Boost  
  29  3:24  Drone  
  30  3:28  Drone  
  30  3:31  Drone  
  32  3:40  Drone x2  
  32  3:41  Drone  
  34  3:47  Zergling x2  
  34  3:48  Zergling x2  
  36  3:49  Zergling x2  
  36  3:51  Zergling x2  
  38  3:57  Drone  
  38  4:01  Zerg Melee Weapons Level 1  
  39  4:08  Lair  
  39  4:11  Drone  
  40  4:22  Zergling x4  
  40  4:23  Zergling x2  
  43  4:25  Zergling x6  
  43  4:29  Zergling x4  
  49  4:38  Zergling x2  
  49  4:41  Zergling x2  
  49  4:43  Baneling  
  49  4:44  Baneling x4  
  50  4:50  Zergling x2  
  51  4:55  Overlord x2  
  51  5:07  Centrifical Hooks  
  51  5:12  Queen  
  53  5:14  Zergling x6  
  53  5:19  Zergling x2  
  53  5:20  Zergling x4  
  59  5:22  Queen  
  59  5:25  Zergling x6  
  59  5:28  Zergling x4  
  66  5:38  Zergling x2  
  66  5:39  Overlord  
  66  5:42  Overlord x2  
  67  5:58  Zergling x8  
  67  6:01  Zergling x8  
  75  6:08  Zergling x2  
  76  6:14  Zergling x2  
  77  6:19  Zergling x2  
  77  6:24  Zergling x2  
  79  6:26  Baneling x3  
  79  6:27  Baneling x3  
  79  6:28  Baneling x3  
  79  6:32  Baneling x4  
  79  6:33  Baneling x3  
  79  6:34  Baneling x3  
  79  6:35  Baneling x3  
  79  6:38  Zergling x6  
  82  6:46  Zergling x2  
  82  6:47  Zergling x6  
  70  8:03  Zergling x2  
  70  8:04  Zergling x4  
  72  8:06  Zergling x6  
  72  8:22  Hydralisk Den  
  69  8:30  Zergling x4  
  68  9:00  Hydralisk x3  
  74  9:05  Hydralisk x3  
  78  9:39  Hydralisk x3  
  78  9:43  Overlord x3  
  84  9:46  Queen  
  86  10:00  Hydralisk  
  86  10:02  Hydralisk  
  90  10:25  Hydralisk x4  
  98  10:28  Hydralisk  
  98  10:29  Hydralisk x3  
  105  10:37  Hydralisk  
  105  10:39  Hydralisk x2  
  111  10:47  Extractor  
  111  10:48  Extractor  
Tags
 
Add a new tag
Caveats
  • Supply blocks, unpowered buildings, or Contaminate may cause inaccurate times.
  • Supply counts are checked every 10 seconds.